 Dungeon Crawl Stone Soup version 0.20.0-8-g6b59dc7 (webtiles) character file.

68 MTVSty1e the Ruffian (level 4, 0/36 HPs)
             Began as a Draconian Transmuter on May 30, 2017.
             Succumbed to an adder's poison
             ... on level 2 of the Dungeon.
             The game lasted 00:04:35 (1517 turns).

MTVSty1e the Ruffian (Draconian Transmuter)         Turns: 1517, Time: 00:04:35

Health: 0/36       AC:  5    Str: 13    XL:     4   Next: 1%
Magic:  16/16      EV: 12    Int: 14    God:
Gold:   100        SH:  0    Dex: 11    Spells: 6/7 levels left

rFire    . . .     SeeInvis .     - Unarmed
rCold    . . .     Gourm    .   (no shield)
rNeg     . . .     Faith    .   (armour unavailable)
rPois    .         Spirit   .   (helmet restricted)
rElec    .         Reflect  .   (no cloak)
rCorr    .         Harm     .   (no gloves)
MR       .....                  (no boots)
Stlth    +.........             (no amulet)
Regen    0.2/turn               k - ring of magical power
MPRegen  0.2/turn               (no ring)

@: lethally poisoned (0 -> -1)
A: unfitting armour, cold-blooded, AC +5
a: no special abilities


You were on level 2 of the Dungeon.
You were not hungry.

You visited 1 branch of the dungeon, and saw 2 of its levels.

You collected 100 gold pieces.

Inventory:

Hand Weapons
 o - a +1 antimagic short sword
Missiles
 a - 12 arrows
Jewellery
 k - a ring of magical power (left hand)
Scrolls
 c - a scroll of teleportation {unknown}
 g - a scroll of immolation {unknown}
 h - 4 scrolls of identify {unknown}
 j - 2 scrolls of enchant armour {unknown}
 n - a scroll of remove curse {unknown}
Potions
 e - 2 potions of degeneration {unknown}
 f - a potion of curing {unknown}
 i - a potion of flight {unknown}
 l - a potion of heal wounds {unknown}
Books
 b - a book of Changes

   Spells                             Type                      Level
   a - Beastly Appendage              Transmutation                1
   b - Sticks to Snakes               Transmutation                2
   c - Spider Form                    Transmutation/Poison         3
   d - Ice Form                       Ice/Transmutation            4
   e - Blade Hands                    Transmutation                5
Comestibles
 d - a meat ration
 m - 3 fruits


   Skills:
 + Level 2.0 Fighting
 + Level 2.0 Dodging
 * Level 4.0 Unarmed Combat
 + Level 2.3 Spellcasting
 + Level 2.3 Transmutations


You had 6 spell levels left.
You knew the following spells:

 Your Spells              Type           Power        Failure   Level  Hunger
a - Beastly Appendage     Tmut           #.....       9%          1    #......


Dungeon Overview and Level Annotations

Branches:
Dungeon (2/15)

Altars:


Innate Abilities, Weirdness & Mutations

Your plain brown scales are hard. (AC +5)
You cannot fit into any form of body armour.
You are cold-blooded and may be slowed by cold attacks.


Message History

You hit the adder but do no damage. Your headbutt misses the adder.
The adder is almost dead.
Your horns disappear.
The adder closely misses you. The kobold barely misses you.
You hit the adder.
You kill the adder!
Your Fighting skill increases to level 2!
Your Unarmed Combat skill increases to level 4!
You feel sick. The kobold hits you with a short sword.
* * * LOW HITPOINT WARNING * * *
The kobold hits you with a short sword.
* * * LOW HITPOINT WARNING * * *
You see here an adder corpse.
You closely miss the kobold. The kobold closely misses you.
You closely miss the kobold. Your punch misses the kobold. You hit the kobold.
You kill the kobold!
You have reached level 4!
You feel stronger.
You die...

##.#...####.........#
..........'....(....+
.#.#...#.##.........#
.#.##.##.###.......##
#.#####.# ##.....##
#.. #.# ##.(.## ###
#.######'##
..#.......#
###.....)@# #.......#
......$...
##........#
#.......#.
#.......#..
#########... ##


There were no monsters in sight!

Vanquished Creatures
  2 adders (D:2)
  An ooze (D:1)
  A worm (D:2)
  3 dart slugs
  2 leopard geckos (D:1)
  4 bats
  3 giant cockroaches (D:1)
  A goblin (D:1)
  A hobgoblin (D:2)
  2 jackals (D:1)
  5 kobolds
  2 ball pythons (D:1)
  2 frilled lizards
  8 rats (D:1)
37 creatures vanquished.

Notes
Turn   | Place    | Note
-------+----------+-------------------------------------------
     0 | D:1      | MTVSty1e the Draconian Transmuter began the quest for the Orb.
     0 | D:1      | Reached XP level 1. HP: 16/16 MP: 3/3
   187 | D:1      | Reached XP level 2. HP: 23/23 MP: 3/5
   676 | D:1      | Reached XP level 3. HP: 24/29 MP: 4/6
  1513 | D:2      | Reached skill level 4 in Unarmed Combat
  1514 | D:2      | HP: 1/29 [kobold/short sword (1)]
  1517 | D:2      | Reached XP level 4. HP: 1/36 MP: 7/7
  1517 | D:2      | Succumbed to an adder's poison

Skill      XL: |  1  2  3 |
---------------+----------+-----
Dodging        | 2 |  2.0
Fighting       | 2 |  2.0
Unarmed Combat | 4 |  4.0
Spellcasting   | |  2.3
Transmutations | |  2.3

Action                   |  1- 3 |  4- 6 || total
-------------------------+-------+-------++-------
Melee: Unarmed           |   131 |       ||   131
       Tailslap          |    14 |       ||    14
       Kick              |     6 |       ||     6
       Headbutt          |     5 |       ||     5
       Punch             |     3 |       ||     3
 Cast: Beastly Appendage |    16 |       ||    16
 Stab: Sleeping          |     2 |       ||     2
  Eat: Bread ration      |     1 |       ||     1
Armor: Skin              |    42 |       ||    42
Dodge: Dodged            |    97 |       ||    97
